 Dungeon Crawl Stone Soup version 0.29.1-12-g30fa7ad0bf (webtiles) character file.

Game seed: 16704915021852069130

9714 croobank the Transmogrifier (level 11, -3/89 HPs)
             Began as a Demigod Arcane Marksman on Dec 13, 2022.
             Slain by a two-headed ogre
             ... wielding a +0 giant club
              (23 damage)
             ... on level 10 of the Dungeon on Dec 14, 2022.
             The game lasted 00:55:40 (14943 turns).

croobank the Transmogrifier (DgAM)                 Turns: 14943, Time: 00:55:41

Health: -3/89      AC:  8    Str: 11    XL:     11   Next: 6%
Magic:  21/23      EV: 14    Int: 27    God:
Gold:   435        SH:  0    Dex: 14    Spells: 9/21 levels left

rFire   + . .      SeeInvis .   a - +6 dagger (elec)
rCold   . . .      Faith    .   (no shield)
rNeg    . . .      Spirit   .   y - +0 steam dragon scales
rPois   .          Reflect  .   (no helmet)
rElec   .          Harm     .   o - +0 cloak
rCorr   .          Rampage  .   m - +0 pair of gloves
Will    +....                   h - +0 pair of boots
Stlth   +.........              t - amulet of regeneration
HPRegen 1.04/turn               E - ring of protection from fire
MPRegen 0.18/turn               (no ring)

@: no status effects
A: high MP 1, forlorn, divine attributes
a: no special abilities


You were on level 10 of the Dungeon.
You visited 2 branches of the dungeon, and saw 11 of its levels.
You also visited: Ossuary.

You collected 435 gold pieces.

Inventory:

Hand Weapons
 a - a +6 dagger of electrocution (weapon)
 b - a +1 sling of freezing
 n - a +3 club
 s - a +0 war axe
 x - a +0 vorpal hand axe
 H - a +0 rapier
 K - a +2 halberd of flaming
 S - a +4 hand axe of freezing
 V - a +2 dire flail of protection
Missiles
 q - 2 throwing nets
 C - 2 javelins
 G - 11 poisoned darts
Armour
 c - a +0 robe
 g - a +0 leather armour
 h - a +0 pair of boots (worn)
 m - a +0 pair of gloves (worn)
 o - a +0 cloak (worn)
 y - +0 steam dragon scales (worn)
 B - a +0 ring mail
Jewellery
 t - an amulet of regeneration (around neck)
 E - a ring of protection from fire (left hand)
 J - a +6 ring of strength
 P - an amulet of reflection
Wands
 p - a wand of iceblast (40)
 u - a wand of digging (4)
 z - a wand of flame (11)
 U - a wand of charming (3)
Scrolls
 e - 2 scrolls of poison
 i - 2 scrolls of amnesia
 l - 4 scrolls of teleportation
 w - 4 scrolls of fog
 I - a scroll of blinking
 N - a scroll of silence
 R - 4 scrolls of magic mapping
 X - a scroll of fear
Potions
 d - 4 potions of curing
 f - 5 potions of attraction
 j - 3 potions of haste
 k - 2 potions of magic
 r - a potion of cancellation
 v - 2 potions of mutation
 A - 8 potions of flight
 D - a potion of degeneration
 F - a potion of invisibility {unknown}
 L - a potion of brilliance {unknown}
 O - a potion of might
 Q - a potion of ambrosia
 W - 2 potions of resistance {unknown}
Miscellaneous
 T - a lightning rod (4/4)


   Skills:
 + Level 6.1 Fighting
 + Level 6.4 Ranged Weapons
 + Level 6.3 Dodging
 + Level 5.6 Spellcasting
 + Level 6.7 Hexes
 + Level 2.7 Summonings
 * Level 8.3 Transmutations


You had 9 spell levels left.
You knew the following spells:

 Your Spells              Type           Power      Damage    Failure   Level
a - Slow                  Hex            100%       N/A       1%          1
b - Beastly Appendage     Tmut           100%       N/A       1%          1
c - Wereblood             Tmut           51%        N/A       1%          2
d - Inner Flame           Hex/Fire       25%        N/A       4%          3
e - Spider Form           Tmut/Pois      30%        N/A       3%          3
f - Ensorcelled Hibernat  Hex/Ice        50%        N/A       2%          2

Your spell library contained the following spells:

 Spells                   Type           Power      Damage    Failure   Level
 Portal Projectile        Hex/Tloc       50%        N/A       4%          3
 Cause Fear               Hex            21%        N/A       4%          4
 Sublimation of Blood     Necr           7%         N/A       11%         2
 Anguish                  Hex/Necr       12%        N/A       17%         4
 Summon Mana Viper        Hex/Summ       33%        N/A       26%         5
 Summon Ice Beast         Ice/Summ       14%        N/A       36%         4
 Silence                  Hex/Air        12%        N/A       43%         5
 Passage of Golubria      Tloc           7%         N/A       56%         4
 Monstrous Menagerie      Summ           11%        N/A       100%        7
 Summon Hydra             Summ           11%        N/A       100%        7
 Disjunction              Tloc           3%         N/A       100%        8
 Lehudib's Crystal Spear  Conj/Erth      3%         10d3      100%        8


Dungeon Overview and Level Annotations

Branches:
Dungeon (10/15)            Temple (1/1) D:6            Lair (0/5) D:8
    Orc (0/2) D:9         Ossuary (visited)

Shops:
D:1 (


Innate Abilities, Weirdness & Mutations

You have an increased reservoir of magic. (+10% MP)
You shall have no god before yourself.
Your divine heritage dramatically boosts your attributes as you level up.


Message History

You turn to flesh and can move again.
Casting: Slow (safe; 1% risk of failure)
Confirm with . or Enter, or press ? or * to list all spells.
Aiming: Ensorcelled Hibernation (safe; 2% risk of failure)
Press: ? - help, Shift-Dir - straight line, f/p - basilisk
Aim: a basilisk (almost dead, chance to affect: 56%)
The basilisk looks drowsy...
The helpless basilisk fails to defend itself.
You hit the basilisk.
You kill the basilisk!
You start resting.
Magic restored.
R - 4 scrolls of magic mapping (gained 1) Why would you want to do that?
Why would you want to do that? Why would you want to do that?
Why would you want to do that?
You now have 435 gold pieces (gained 18).
Found a scroll of immolation.
You see here a +3 dagger.
A - 8 potions of flight (gained 1)
Found a whip.
A two-headed ogre comes into view.
It is wielding a +0 giant club and a +0 giant spiked club.
There is an open door here.
The helpless two-headed ogre fails to defend itself.
You puncture the two-headed ogre!
Lightning courses through the two-headed ogre!
The two-headed ogre is heavily wounded.
The two-headed ogre hits you with a +0 giant club!
The two-headed ogre hits you with a +0 giant spiked club!!
Casting: Ensorcelled Hibernation (safe; 2% risk of failure)
Confirm with . or Enter, or press ? or * to list all spells.
Aiming: Ensorcelled Hibernation (safe; 2% risk of failure)
Press: ? - help, Shift-Dir - straight line, f - two-headed ogre
Aim: a two-headed ogre, wielding a +0 giant club and a +0 giant spiked club (heavily wounded, chance to affect: 38%)
The two-headed ogre easily resists.
The two-headed ogre hits you with a +0 giant club!!
* * * LOW HITPOINT WARNING * * *
The two-headed ogre hits you with a +0 giant spiked club!!
You die...

.....#...##########
#....# ######
..#........###.##.#
#.).............#
#.###..#..#.....#
#.###..#..#..#..#
#.........#..#..#
#########.#.....#
.. #.....O#.#.....#
.. #.....@#.......#
.. #......'.......#
.. #......#.......#
.. #......#.......#
.. #......#.......#
# #......#.......#
. #
#......####....#
###. #......# .##.#
... #...... .# .#


You could see a two-headed ogre.

Vanquished Creatures
  3 two-headed ogres
  A centaur warrior (D:9)
  A kobold demonologist (D:8)
  5 wyverns
  2 basilisks
  A wraith (D:9)
  9 yaks (D:8)
  A steam dragon (D:6)
  2 water moccasins (D:8)
  3 black bears
  An ice beast (D:7)
  8 orc warriors
  2 ogres
  2 phantoms (D:7)
  3 centaurs
  2 kobold brigands
  A gnoll sergeant (D:9)
  A bullfrog (D:7)
  3 scorpions
  6 wights
  6 killer bees
  3 howler monkeys (D:4)
  2 electric eels (D:10)
  A human zombie (Ossuary)
  2 centaur zombies (Ossuary)
  A bullfrog zombie (Ossuary)
  4 jellies
  9 orc priests
  4 hounds
  5 iguanas
  Jessica (D:2)
  4 scorpion zombies (Ossuary)
  9 orc wizards
  12 gnolls
  8 adders
  3 white imps
  3 ufetubi
  4 adder zombies (Ossuary)
  2 worms
  2 dart slugs
  37 orcs
  9 endoplasms
  4 giant cockroaches
  13 goblins
  4 hobgoblins
  6 jackals
  3 quokkas
  9 ball pythons
  3 bats
  4 frilled lizards
  3 gnoll zombies (Ossuary)
  2 goblin zombies (Ossuary)
  A hobgoblin zombie (Ossuary)
  5 kobolds
  5 orc zombies (Ossuary)
  6 rats
256 creatures vanquished.

Vanquished Creatures (others)
  2 bushes (D:8)
  A fungus (D:8)
  16 plants (D:8)
19 creatures vanquished.

Grand Total: 275 creatures vanquished

Notes
Turn   | Place    | Note
-------+----------+-------------------------------------------
     0 | D:1      | croobank the Demigod Arcane Marksman began the quest for
                  | the Orb.
     0 | D:1      | Reached XP level 1. HP: 15/15 MP: 4/4
    55 | D:1      | Reached skill level 1 in Fighting
   199 | D:1      | Reached XP level 2. HP: 23/23 MP: 4/6
   995 | D:1      | Found Otaeqezuri's Antique Weapon Shop.
  1276 | D:2      | Reached XP level 3. HP: 4/28 MP: 3/7
  1819 | D:2      | Noticed Jessica
  1827 | D:2      | Killed Jessica
  2153 | D:3      | HP: 1/29 [gnoll/+0 flail (4)]
  2159 | D:3      | Reached XP level 4. HP: 3/36 MP: 9/9
  3618 | D:3      | Learned a level 1 spell: Beastly Appendage
  3920 | D:3      | Reached XP level 5. HP: 38/41 MP: 10/10
  4354 | D:3      | You fall into a shaft and drop 2 floors!
  4354 | D:5      | Entered Level 5 of the Dungeon
  4385 | D:5      | Noticed an ogre
  4393 | D:5      | Killed an ogre
  4394 | D:5      | Reached skill level 1 in Transmutations
  4480 | D:5      | Learned a level 2 spell: Wereblood
  4557 | D:5      | Got the Guidebook on the Wayfarer
  4737 | D:4      | Reached XP level 6. HP: 31/50 MP: 5/12
  4946 | D:4      | Reached skill level 2 in Transmutations
  5210 | D:4      | Reached XP level 7. HP: 56/56 MP: 8/14
  5575 | D:3      | Reached skill level 3 in Transmutations
  7242 | D:6      | Noticed a steam dragon
  7451 | D:6      | Found a staircase to the Ecumenical Temple.
  7457 | Temple   | Entered the Ecumenical Temple
  7644 | D:6      | Reached skill level 4 in Transmutations
  7644 | D:6      | Reached XP level 8. HP: 59/63 MP: 11/16
  8331 | D:7      | Reached skill level 5 in Transmutations
  8349 | D:7      | Found a sand-covered staircase.
  8358 | Ossuary  | Entered an ossuary
  8429 | Ossuary  | Reached skill level 5 in Hexes
  8737 | Ossuary  | Noticed a silent spectre
  9190 | D:7      | Reached XP level 9. HP: 72/72 MP: 14/18
  9929 | D:8      | Found a staircase to the Lair.
  9949 | D:8      | Reached skill level 6 in Transmutations
  9952 | D:8      | Reached skill level 5 in Ranged Weapons
  9955 | D:8      | Reached skill level 5 in Dodging
  9974 | D:8      | Reached skill level 5 in Fighting
 10361 | D:8      | Reached XP level 10. HP: 73/81 MP: 20/20
 10756 | D:8      | Learned a level 3 spell: Inner Flame
 10863 | D:8      | Reached skill level 7 in Transmutations
 11068 | D:10     | Entered Level 10 of the Dungeon
 11225 | D:9      | Noticed a two-headed ogre
 11685 | D:8      | Learned a level 3 spell: Spider Form
 11828 | D:8      | Killed a two-headed ogre
 11829 | D:8      | Reached skill level 5 in Spellcasting
 11829 | D:8      | Reached skill level 1 in Summonings
 12124 | D:9      | Noticed a two-headed ogre
 12127 | D:9      | Noticed a soul eater
 12866 | D:9      | Killed a two-headed ogre
 13512 | D:9      | Reached skill level 8 in Transmutations
 13584 | D:9      | Noticed a centaur warrior
 13613 | D:9      | Killed a centaur warrior
 13793 | D:9      | Found a staircase to the Orcish Mines.
 13914 | D:9      | Learned a level 2 spell: Ensorcelled Hibernation
 14443 | D:10     | Noticed a two-headed ogre
 14464 | D:10     | Killed a two-headed ogre
 14465 | D:10     | Reached XP level 11. HP: 45/89 MP: 16/23
 14940 | D:10     | Noticed a two-headed ogre
 14943 | D:10     | Slain by a two-headed ogre

Illustrated notes

Levels and vault maps discovered:
D:1:      dpeg_arrival_subterranean_lakeside_camping, layout_basic,
          serial_shops, shop, hellmonk_ecumenical_altar_leap_of_faith,
          chequers_serial_rivers_micro_e
D:2:      layout_loops_cross, basic_altar, minmay_pentomino_q4, uniq_jessica
D:3:      layout_loops_corners
D:4:      layout_basic, minmay_divided_ellipse
D:5:      layout_cave_pods, nicolae_ru_awakened_eye
D:6:      layout_gridville, nicolae_wu_jian_wuxing_cycle,
          mainiacjoe_overflow_surrounded_room,
          minmay_temple_entry_enclosed_plants
D:7:      layout_basic, mainiacjoe_overflow_small_starburst, old_standard_altar,
          nemelex_spade_bored_becter, enter_ossuary_3
D:8:      layout_rooms, mainiacjoe_overflow_large_starburst,
          minmay_lair_entry_grove, nicolae_titane
D:9:      layout_rooms, orc_0_dummy, kennysheep_kite_vault
D:10:     layout_stronghold, mainiacjoe_overflow_paths, lightli_temple_of_fire,
          disabler_island
Temple:   ebering_untended_altars

Skill      XL: |  1  2  3  4  5  6  7  8  9 10 |
---------------+-------------------------------+-----
Fighting       | 1 2 3 4 5 6 |  6.1
Ranged Weapons | 2 3 4 5 6 |  6.4
Dodging        | 2 3 4 5 6 |  6.3
Hexes          | 3 4 5 6 |  6.7
Spellcasting   | 2 3 4 5 |  5.6
Transmutations | 1 2 4 5 6 8 |  8.3
Summonings     | 2 |  2.7

Action                   |  1- 3 |  4- 6 |  7- 9 | 10-12 || total
-------------------------+-------+-------+-------+-------++-------
Melee: Dagger            |    51 |   159 |   370 |   244 ||   824
       Kick              |       |    17 |   100 |    68 ||   185
       Headbutt          |       |     8 |    62 |    38 ||   108
       Punch             |       |     1 |     2 |     1 ||     4
       Unarmed           |       |       |       |    14 ||    14
 Fire: Sling             |    85 |    18 |       |       ||   103
 Cast: Slow              |    40 |    38 |    50 |    50 ||   178
       Beastly Appendage |       |     9 |    39 |    22 ||    70
       Wereblood         |       |     6 |    30 |    20 ||    56
       Ensorcelled Hiber |       |       |       |     7 ||     7
       Spider Form       |       |       |       |     2 ||     2
Evoke: Wand              |       |       |       |     4 ||     4
  Use: Potion            |     4 |       |     1 |     2 ||     7
       Scroll            |       |     8 |    13 |     8 ||    29
 Stab: Sleeping          |       |       |     2 |     4 ||     6
Armor: Robe              |    12 |       |       |       ||    12
       Skin              |     6 |     1 |       |     1 ||     8
       Leather armour    |     2 |    28 |    35 |       ||    65
       Steam dragon scal |       |       |    64 |   103 ||   167
Dodge: Dodged            |    57 |   105 |   200 |   304 ||   666
